[Event "Titled Tuesday Blitz August 16 Late 2022"]
[White "Michalski, Olaf"]
[Black "Mendez Fortes, Eduardo Jesus"]
[WhiteFideId "1106740"]
[BlackFideId "3502376"]
[WhiteElo "1937"]
[BlackElo "2307"]
[Result "0-1"]
[Round "06"]
[TimeControl "180+1"]
[Date "2022.08.18"]
[WhiteClock "0:00:00"]
[BlackClock "0:00:00"]

1. d4 Nf6 2. c4 e6 3. Nf3 Bb4+ 4. Nbd2 d5 5. Qc2 O-O 6. e3 b6 7. cxd5 exd5 8. Bd3 g6 9. O-O Bb7 10. Ne5 Bd6 11. f4 c5 12. Ndf3 Ne4 13. Bxe4 dxe4 14. Ng5 cxd4 15. exd4 Nd7 16. Ng4 Nf6 17. f5 Nxg4 0-1


[Site "https://www.chess.com"]

[Event "Titled Tuesday Blitz August 16 Late 2022"]
[White "Mickiewicz, Piotr"]
[Black "Romero Ruscalleda, Josep"]
[WhiteFideId "1114891"]
[BlackFideId "2231859"]
[WhiteElo "2266"]
[BlackElo "2193"]
[Result "0-1"]
[Round "06"]
[TimeControl "180+1"]
[Date "2022.08.18"]
[WhiteClock "0:00:00"]
[BlackClock "0:00:00"]

1. e4 g6 2. d4 Bg7 3. Nc3 d6 4. f4 a6 5. Nf3 b5 6. Bd3 Nd7 7. O-O c5 8. dxc5 Nxc5 9. Be3 Nxd3 10. cxd3 Bb7 11. Qd2 Nf6 12. b4 O-O 13. Nd4 Rc8 14. h3 Nh5 15. Rac1 Nxf4 16. Bxf4 e5 17. Bg5 Qb6 18. Nd5 Bxd5 19. exd5 Qxd4+ 20. Be3 Qxd5 21. a3 f5 22. Bg5 Rfe8 23. Rxc8 Rxc8 24. Rc1 Rxc1+ 25. Qxc1 h6 26. Bxh6 Qxd3 27. Bxg7 Kxg7 28. Qg5 Qd4+ 29. Kh1 Kf7 30. Qd8 Qa7 31. Qxd6 Qe7 32. Qxa6 e4 33. Qxb5 e3 34. Qe2 f4 35. Kg1 Qe4 36. Qf3 Qb1+ 37. Kh2 g5 38. h4 Qh7 39. Qb7+ Kg6 40. Qxh7+ Kxh7 41. Kg1 gxh4 42. b5 f3 0-1


[Site "https://www.chess.com"]

[Event "Titled Tuesday Blitz August 16 Late 2022"]
[White "Mikhailov, Viacheslav"]
[Black "Swiercz, Dariusz"]
[WhiteFideId "4187369"]
[BlackFideId "1126881"]
[WhiteElo "2381"]
[BlackElo "2627"]
[Result "1/2-1/2"]
[Round "06"]
[TimeControl "180+1"]
[Date "2022.08.16"]
[WhiteClock "0:00:02"]
[BlackClock "0:00:06"]

1. c4 e6 2. g3 f5 3. Bg2 Nf6 4. Nc3 c6 5. d4 d5 6. Nf3 Bd6 7. O-O O-O 8. Ne5 Ne4 9. Qb3 Kh8 10. Bf4 Qe7 11. Nxe4 fxe4 12. c5 Bc7 13. f3 Nd7 14. Nxd7 Qxd7 15. Bxc7 Qxc7 16. fxe4 Bd7 17. e5 b6 18. cxb6 axb6 19. Qa3 c5 20. Rxf8+ Rxf8 21. Rf1 Rxf1+ 22. Kxf1 h6 23. Qc3 Bb5 24. Bf3 Qf7 25. Kf2 Qa7 26. a3 Bc4 27. b4 cxb4 28. Qxb4 b5 29. Qc5 Qf7 30. h4 Kh7 31. h5 Qf5 32. Qe7 Qh3 33. Qf7 Qh2+ 34. Bg2 Bxe2 35. Qg6+ Kh8 36. Qe8+ Kh7 37. Qxe6 Bxh5 38. Qxd5 Bg6 39. e6 h5 40. Qg5 Be4 41. Ke3 Qxg2 42. Qxh5+ Kg8 43. Qe8+ Kh7 44. Qh5+ Kg8 45. Qe8+ Kh7 46. Qh5+ 1/2-1/2


[Site "https://www.chess.com"]

[Event "Titled Tuesday Blitz August 16 Late 2022"]
[White "Mirimanian, Hayk"]
[Black "Remolar Gallen, Jose"]
[WhiteFideId "4700180"]
[BlackFideId "2215187"]
[WhiteElo "2280"]
[BlackElo "2205"]
[Result "1-0"]
[Round "06"]
[TimeControl "180+1"]
[Date "2022.08.18"]
[WhiteClock "0:00:00"]
[BlackClock "0:00:00"]

1. e4 c5 2. Nf3 d6 3. d4 cxd4 4. Nxd4 Nf6 5. Nc3 a6 6. h4 e6 7. g4 Nc6 8. g5 Nd7 9. f4 h6 10. g6 Nxd4 11. gxf7+ Kxf7 12. Qxd4 Be7 13. Be3 Bxh4+ 14. Bf2 Bxf2+ 15. Qxf2 Qb6 16. Qf3 Qxb2 17. Rb1 Qxc2 18. Bc4 Nc5 19. f5 Rf8 20. O-O Kg8 21. Rf2 Qxb1+ 22. Nxb1 d5 23. e5 dxc4 24. f6 Nd3 25. Rg2 Nxe5 26. Rxg7+ Kh8 27. Qe3 1-0


[Site "https://www.chess.com"]

[Event "Titled Tuesday Blitz August 16 Late 2022"]
[White "Nazaretyan, Tigran"]
[Black "Pakleza, Zbigniew"]
[WhiteFideId "24162345"]
[BlackFideId "1119290"]
[WhiteElo "2183"]
[BlackElo "2411"]
[Result "0-1"]
[Round "06"]
[TimeControl "180+1"]
[Date "2022.08.16"]
[WhiteClock "0:00:03"]
[BlackClock "0:00:04"]

1. d4 d6 2. Nf3 Bg4 3. e4 Nf6 4. Bd3 e6 5. Nbd2 Be7 6. h3 Bh5 7. c3 d5 8. e5 Nfd7 9. b4 a5 10. b5 c5 11. a4 cxd4 12. cxd4 Nb6 13. Ba3 N8d7 14. O-O O-O 15. Qb3 f6 16. exf6 Rxf6 17. Rfe1 h6 18. Re3 Bxa3 19. Qxa3 Qf8 20. Qxf8+ Kxf8 21. g4 Bg6 22. Bxg6 Rxg6 23. Ne1 Rc8 24. Nd3 Rf6 25. f4 Ke7 26. f5 Kd6 27. fxe6 Rxe6 28. Rxe6+ Kxe6 29. Nf4+ Kd6 30. Re1 Nf8 31. Re5 g5 32. Nd3 Nxa4 33. Rf5 Nd7 34. Nf3 Nc3 35. Nfe5 Nxb5 36. Nxd7 Kxd7 37. Rxd5+ Nd6 38. Nc5+ Kc6 39. Re5 b6 40. Ne6 Re8 41. d5+ Kb5 42. Re1 Ka4 43. Ra1+ Kb4 44. Rb1+ Kc3 45. Rxb6 Nc4 46. Rc6 a4 47. d6 Rxe6 48. d7 Re1+ 49. Kf2 Rd1 50. Rc7 a3 51. Ke2 Rd2+ 52. Ke1 Rd6 53. Kf2 a2 54. Rb7 a1=Q 55. Ra7 Qxa7+ 0-1


[Site "https://www.chess.com"]

[Event "Titled Tuesday Blitz August 16 Late 2022"]
[White "Olenik Campa, Rudi"]
[Black "Capp, Stephen"]
[WhiteFideId "14633264"]
[BlackFideId "2027089"]
[WhiteElo "2008"]
[BlackElo "1920"]
[Result "1-0"]
[Round "06"]
[TimeControl "180+1"]
[Date "2022.08.18"]
[WhiteClock "0:00:00"]
[BlackClock "0:00:00"]

1. e4 e5 2. Nf3 d5 3. Nc3 d4 4. Ne2 Nc6 5. d3 Bg4 6. h3 Bxf3 7. gxf3 Bd6 8. f4 f6 9. f5 Qe7 10. a3 O-O-O 11. b4 Qf7 12. Ng3 g6 13. Bd2 Nge7 14. b5 Nb8 15. a4 gxf5 16. exf5 h5 17. h4 Nd5 18. Be2 Rdg8 19. Bf3 Rxg3 20. fxg3 e4 21. dxe4 Bxg3+ 22. Kf1 Ne3+ 23. Bxe3 dxe3 24. Qd5 Qg7 25. Rg1 Rd8 26. Qe6+ Nd7 27. Rd1 e2+ 28. Kxe2 b6 29. e5 fxe5 30. Qc6 Rg8 31. Qa8+ Nb8 32. Qb7# 1-0


[Site "https://www.chess.com"]

[Event "Titled Tuesday Blitz August 16 Late 2022"]
[White "Omelja, Artem"]
[Black "Pourkashiyan, Atousa"]
[WhiteFideId "14119846"]
[BlackFideId "12502014"]
[WhiteElo "2382"]
[BlackElo "2247"]
[Result "0-1"]
[Round "06"]
[TimeControl "180+1"]
[Date "2022.08.18"]
[WhiteClock "0:00:00"]
[BlackClock "0:00:00"]

1. d4 Nf6 2. c4 e6 3. Nf3 d5 4. Nc3 Nbd7 5. cxd5 exd5 6. Bg5 c6 7. e3 Be7 8. Qc2 O-O 9. Bd3 Re8 10. O-O Nf8 11. Rab1 a5 12. a3 Ne4 13. Bxe4 Bxg5 14. Bd3 Be7 15. b4 Bd6 16. h3 Qf6 17. Nd2 Ng6 18. Rfc1 Nh4 19. Nf1 Qg5 20. Bxh7+ Kh8 21. f4 Qxg2+ 22. Qxg2 Nxg2 23. Kxg2 Kxh7 24. Rc2 Bf5 25. e4 dxe4 26. Ne3 Bd7 27. bxa5 Bxf4 28. Rxb7 Be6 29. Ng4 Rxa5 30. Rf2 Bd6 31. a4 Rg5 32. Kf1 Bxg4 33. hxg4 Rxg4 34. Rfxf7 e3 35. a5 Bh2 36. a6 Rg1+ 37. Ke2 Rg2+ 38. Ke1 e2 39. Nxe2 Rexe2+ 40. Kd1 Ra2 0-1


[Site "https://www.chess.com"]

[Event "Titled Tuesday Blitz August 16 Late 2022"]
[White "Oparin, Grigoriy"]
[Black "Levine, Joseph"]
[WhiteFideId "24125890"]
[BlackFideId "30940346"]
[WhiteElo "2639"]
[BlackElo "1810"]
[Result "0-1"]
[Round "06"]
[TimeControl "180+1"]
[Date "2022.08.16"]
[WhiteClock "0:00:03"]
[BlackClock "0:00:39"]

1. c4 e6 2. Nc3 d5 3. cxd5 exd5 4. d4 Nf6 5. Bg5 c6 6. e3 Bd6 7. Bd3 O-O 8. Qc2 h6 9. Bf4 Bxf4 10. exf4 Re8+ 11. Kf1 Qd6 12. g3 a6 13. Kg2 c5 14. dxc5 Qxc5 15. Nf3 Nc6 16. h3 Nb4 17. Qd2 d4 18. Na4 Qd6 19. Rac1 Nxa2 20. Rc4 b5 21. Rxd4 Qc6 22. Nc3 Bb7 23. Be2 Nxc3 24. bxc3 Ne4 25. Qd3 Nxc3 26. Rc1 Rac8 27. Bd1 Qc5 28. Rd7 Bc6 29. Rxc3 Bxf3+ 30. Bxf3 Qxc3 31. Qd5 Qf6 32. Ra7 Re7 33. Ra8 Rxa8 34. Qxa8+ Kh7 35. Be4+ g6 36. h4 h5 37. Qd5 Qe6 38. Qxh5+ Kg7 0-1


[Site "https://www.chess.com"]

[Event "Titled Tuesday Blitz August 16 Late 2022"]
[White "Ozalp, Burak"]
[Black "Golubev, Mikhail"]
[WhiteFideId "6314210"]
[BlackFideId "14100983"]
[WhiteElo "1854"]
[BlackElo "2374"]
[Result "1-0"]
[Round "06"]
[TimeControl "180+1"]
[Date "2022.08.18"]
[WhiteClock "0:00:00"]
[BlackClock "0:00:00"]

1. e4 g6 2. d4 Bg7 3. Nc3 a6 4. a4 d6 5. Nf3 Nf6 6. Bd3 Bg4 7. h3 Bxf3 8. Qxf3 Nc6 9. Be3 e5 10. dxe5 Nxe5 11. Qe2 O-O 12. O-O d5 13. Bg5 d4 14. Nd5 c6 15. Nxf6+ Bxf6 16. Bxf6 Qxf6 17. f4 Nxd3 18. cxd3 Qe6 19. f5 Qe5 20. Qg4 Kg7 21. f6+ Kh8 22. Rf5 Qe6 23. Qg5 Rg8 24. Rf4 Qd6 25. Raf1 Qf8 26. Rh4 b5 27. Rff4 Rg7 28. fxg7+ Qxg7 29. Qf6 Kg8 30. Qxg7+ Kxg7 31. axb5 axb5 32. Rf2 Ra1+ 33. Kh2 Rd1 34. Rhf4 Rxd3 35. Rxf7+ Kh6 36. e5 Re3 37. Rc7 d3 38. Rxc6 Re2 39. Rxe2 1-0


[Site "https://www.chess.com"]

[Event "Titled Tuesday Blitz August 16 Late 2022"]
[White "Ozates, Tuna"]
[Black "Diem, Thomas"]
[WhiteFideId "6354521"]
[BlackFideId "30937841"]
[WhiteElo "1887"]
[BlackElo "1998"]
[Result "0-1"]
[Round "06"]
[TimeControl "180+1"]
[Date "2022.08.18"]
[WhiteClock "0:00:00"]
[BlackClock "0:00:00"]

1. d4 d5 2. c4 c6 3. Nf3 Nf6 4. e3 Bg4 5. Nc3 e6 6. Qb3 Bxf3 7. Qxb7 Bxg2 8. Bxg2 Nbd7 9. c5 Qc8 10. Qxc8+ Rxc8 11. Bf1 Rb8 12. Rb1 a5 13. a3 e5 14. b4 Be7 15. bxa5 Rxb1 16. Nxb1 Kd8 17. Bd2 Kc7 18. a6 Ra8 19. Ba5+ Kc8 20. Nc3 Nb8 21. Na4 Nfd7 22. Rg1 g6 23. Kd2 Nxa6 24. Bh3 f5 25. Kc3 Naxc5 26. dxc5 Rxa5 27. Kb4 Ra8 28. Rc1 Rb8+ 29. Ka5 Rb5+ 30. Ka6 Bxc5 31. Bf1 Rb3 32. Nxc5 Rxa3+ 0-1


[Site "https://www.chess.com"]

[Event "Titled Tuesday Blitz August 16 Late 2022"]
[White "Paravyan, David"]
[Black "Fus, Jakub"]
[WhiteFideId "4194985"]
[BlackFideId "1193023"]
[WhiteElo "2569"]
[BlackElo "2220"]
[Result "1/2-1/2"]
[Round "06"]
[TimeControl "180+1"]
[Date "2022.08.16"]
[WhiteClock "0:00:04"]
[BlackClock "0:00:07"]

1. e4 e5 2. Nf3 Nc6 3. Nc3 Nf6 4. d4 exd4 5. Nxd4 Bb4 6. Nxc6 bxc6 7. Bd3 O-O 8. O-O Re8 9. Bg5 h6 10. Bh4 g5 11. Bg3 Bxc3 12. bxc3 Nxe4 13. Qh5 d6 14. f4 Bf5 15. fxg5 Bg6 16. Qxh6 Qxg5 17. Qxg5 Nxg5 18. Rab1 Rab8 19. Rb3 Ne4 20. Be1 Nc5 21. Bxg6 fxg6 22. Rb4 Kg7 23. Rbf4 Rf8 24. Rxf8 Rxf8 25. Bf2 Ne6 26. Rb1 a5 27. Be3 Rf5 28. g3 c5 29. Kg2 Rd5 30. Kf3 g5 31. Rb5 Rd1 32. Rxa5 Rh1 33. Kg2 Rb1 34. Kf3 Rb2 35. Kg4 Kf6 36. h4 gxh4 37. gxh4 Rxc2 38. Ra3 Re2 39. Kf3 Rh2 40. Kg4 d5 41. Ra6 Ke5 42. Kg3 Re2 43. Kf3 Rh2 44. Kg3 Rc2 45. Ra3 d4 46. cxd4+ cxd4 47. Bh6 c5 48. h5 c4 49. Kf3 c3 50. Ra5+ Kf6 51. Ke4 Re2+ 52. Kd3 Rh2 53. Bc1 Rh3+ 54. Kc4 Rh1 55. Bh6 c2 56. Kd3 c1=Q 57. Bxc1 Rxc1 58. a4 Rc3+ 59. Kd2 Rh3 60. Rb5 Nf4 61. a5 Nxh5 62. a6 Nf4 63. Ra5 Rh8 64. a7 Ra8 65. Kc2 Ke6 66. Kd2 Kd6 67. Kc2 Kc6 68. Kd2 Kb6 69. Rf5 Ne6 70. Rf6 Rxa7 71. Rxe6+ Kc5 72. Rh6 Ra2+ 73. Kd3 Ra3+ 74. Kd2 Ra2+ 75. Kd3 Ra3+ 76. Kd2 Ra2+ 1/2-1/2


[Site "https://www.chess.com"]

[Event "Titled Tuesday Blitz August 16 Late 2022"]
[White "Pires, Marcos Vinicius Torsani"]
[Black "Harshal, Shahi"]
[WhiteFideId "2118939"]
[BlackFideId "5048257"]
[WhiteElo "2273"]
[BlackElo "2054"]
[Result "1-0"]
[Round "06"]
[TimeControl "180+1"]
[Date "2022.08.18"]
[WhiteClock "0:00:00"]
[BlackClock "0:00:00"]

1. e4 c5 2. c3 g6 3. d4 cxd4 4. cxd4 Bg7 5. Nc3 d6 6. h3 Nf6 7. Nf3 O-O 8. Be2 Nc6 9. O-O e5 10. d5 Ne7 11. Be3 h6 12. Nd2 Kh7 13. Nc4 a6 14. Nb6 Nd7 15. Nxa8 b5 16. Rc1 Bb7 17. Nc7 Qxc7 18. Nxb5 Qb8 19. Na3 f5 20. f3 g5 21. exf5 Nxf5 22. Bd3 Kh8 23. Bxf5 Rxf5 24. Qd3 Rf8 25. Nc4 Nf6 26. Nb6 Nh5 27. Nd7 Qd8 28. Nxf8 Qxf8 29. Rc7 Qa8 30. Qg6 1-0


[Site "https://www.chess.com"]

[Event "Titled Tuesday Blitz August 16 Late 2022"]
[White "Postnikov, Daniil"]
[Black "Thiel, Thomas"]
[WhiteFideId "4166329"]
[BlackFideId "4615964"]
[WhiteElo "2261"]
[BlackElo "2230"]
[Result "1-0"]
[Round "06"]
[TimeControl "180+1"]
[Date "2022.08.18"]
[WhiteClock "0:00:00"]
[BlackClock "0:00:00"]

1. e4 d5 2. exd5 Nf6 3. d4 Nxd5 4. c4 Nb6 5. Nc3 e5 6. Nf3 exd4 7. Nxd4 Bb4 8. Be3 O-O 9. Bd3 c5 10. Nb3 Be6 11. Bxc5 Bxc5 12. Nxc5 Bxc4 13. O-O Bxd3 14. Nxd3 Nc6 15. Qf3 Nc4 16. Rad1 Qb6 17. Nd5 N6e5 18. Nxe5 Nxe5 19. Qg3 Qd6 20. Rfe1 Rfe8 21. f4 Qc5+ 22. Kh1 Nc4 23. Nf6+ Kf8 24. Nxh7+ Kg8 25. Nf6+ 1-0


[Site "https://www.chess.com"]

[Event "Titled Tuesday Blitz August 16 Late 2022"]
[White "Prieto Aranguren, Alain"]
[Black "Deviprasath, Sharvesh"]
[WhiteFideId "2268906"]
[BlackFideId "30938228"]
[WhiteElo "2224"]
[BlackElo "2102"]
[Result "0-1"]
[Round "06"]
[TimeControl "180+1"]
[Date "2022.08.18"]
[WhiteClock "0:00:00"]
[BlackClock "0:00:00"]

1. d4 Nf6 2. c4 g6 3. Nc3 Bg7 4. e4 d6 5. Be2 O-O 6. Nf3 e5 7. d5 h6 8. O-O a5 9. Ne1 Na6 10. Be3 Nd7 11. Nd3 f5 12. f3 f4 13. Bf2 g5 14. a3 h5 15. b4 Rf6 16. c5 Rg6 17. c6 Nf6 18. b5 Nb8 19. Kh1 b6 20. a4 g4 21. Bh4 Qe8 22. Rg1 Nh7 23. Nf2 Bf6 24. Bxf6 Nxf6 25. Nd3 g3 26. h3 Qe7 27. Bf1 Nh7 28. Ne2 Qh4 29. Qd2 Ng5 30. Ndxf4 exf4 31. Qxf4 Qxf4 32. Nxf4 Rh6 33. h4 Nf7 34. Be2 Kg7 35. Nd3 Nh8 36. f4 Bg4 37. Bxg4 hxg4 38. Rge1 Ng6 39. e5 Nxh4 40. Kg1 Nf5 41. exd6 Rxd6 42. Re5 Kf6 43. Rae1 Nd7 44. cxd7 Rxd7 45. Re6+ Kg7 46. R1e5 Rf8 47. Rc6 Ne7 48. Rg5+ Kh7 49. Re6 Nxd5 50. Ne5 Rd6 51. Rxd6 cxd6 52. Nxg4 Nxf4 53. Ne3 Ne2+ 54. Kh1 Rc8 55. Rxg3 Nxg3+ 56. Kh2 Ne4 0-1


[Site "https://www.chess.com"]

[Event "Titled Tuesday Blitz August 16 Late 2022"]
[White "Quirke, Jeffrey"]
[Black "Rose, Felix"]
[WhiteFideId "2013029"]
[BlackFideId "5105722"]
[WhiteElo "2048"]
[BlackElo "2039"]
[Result "1-0"]
[Round "06"]
[TimeControl "180+1"]
[Date "2022.08.18"]
[WhiteClock "0:00:00"]
[BlackClock "0:00:00"]

1. d4 Nf6 2. c4 e6 3. Nc3 Bb4 4. e3 O-O 5. a3 Bxc3+ 6. bxc3 c5 7. Bd3 Nc6 8. Nf3 b6 9. e4 Ne8 10. e5 Ba6 11. Bxh7+ Kxh7 12. Ng5+ Kg6 13. Qg4 f5 14. Qg3 Qc8 15. h4 Kh5 16. Qf3+ Kg6 17. h5+ Kh6 18. Nxe6+ Kh7 19. Nxf8+ Kg8 20. Qxf5 cxd4 21. h6 g5 22. h7+ Kh8 23. Ng6+ 1-0


[Site "https://www.chess.com"]

[Event "Titled Tuesday Blitz August 16 Late 2022"]
[White "Rios Escobar, Adan"]
[Black "Thomforde-Toates, Noah"]
[WhiteFideId "3403645"]
[BlackFideId "30951992"]
[WhiteElo "2276"]
[BlackElo "2124"]
[Result "0-1"]
[Round "06"]
[TimeControl "180+1"]
[Date "2022.08.18"]
[WhiteClock "0:00:00"]
[BlackClock "0:00:00"]

1. d4 Nf6 2. g3 g6 3. Bg2 Bg7 4. e4 d6 5. Ne2 O-O 6. O-O c6 7. a4 a5 8. Nbc3 Qc7 9. h3 e5 10. Be3 Na6 11. Qd2 Nb4 12. f4 exd4 13. Bxd4 Re8 14. Rae1 Be6 15. b3 Rad8 16. f5 gxf5 17. exf5 Bc8 18. Qg5 Re5 19. Bxe5 dxe5 20. Ne4 Nxe4 21. Bxe4 f6 22. Qe3 Nd5 23. Qf2 Bh6 24. Kh2 Ne3 25. Rg1 Rd2 26. Qf3 Qd6 27. Qh5 Kg7 28. g4 Bf4+ 29. Kh1 Qb4 30. Bf3 h6 31. h4 Nxc2 32. Qg6+ Kf8 33. Qxf6+ Ke8 34. Rd1 Qxb3 35. Bg2 Rxd1 36. Rxd1 Nd4 37. Nxf4 Qxd1+ 38. Kh2 exf4 39. Qh8+ Kd7 40. Qg7+ Kd6 41. Qxh6+ Kc5 42. Qxf4 Qe2 43. Qc1+ Kb6 44. Qb1+ Ka7 45. Qe4 Qxe4 46. Bxe4 c5 47. g5 Bxf5 48. g6 Bxe4 49. g7 Bd5 50. h5 Bg8 51. h6 Nf5 52. Kg2 Nxh6 53. Kf3 Nf5 0-1


[Site "https://www.chess.com"]

[Event "Titled Tuesday Blitz August 16 Late 2022"]
[White "Roman, Rodrigo"]
[Black "Tanenbaum, Zachary"]
[WhiteFideId "3701220"]
[BlackFideId "2060850"]
[WhiteElo "2001"]
[BlackElo "2175"]
[Result "1/2-1/2"]
[Round "06"]
[TimeControl "180+1"]
[Date "2022.08.16"]
[WhiteClock "0:00:07"]
[BlackClock "0:00:03"]

1. e4 e5 2. Nf3 Nc6 3. Bb5 a6 4. Ba4 d6 5. O-O Nf6 6. Qe2 Be7 7. c3 O-O 8. Rd1 b5 9. Bc2 Bb7 10. d4 exd4 11. Nxd4 Nxd4 12. cxd4 Re8 13. Nc3 Bf8 14. f3 d5 15. Bg5 h6 16. Bh4 b4 17. e5 bxc3 18. Qd3 Be7 19. exf6 Bxf6 20. Qh7+ Kf8 21. Re1 Re6 22. Bxf6 Qxf6 23. bxc3 Rae8 24. Rxe6 Rxe6 25. Rb1 Re2 26. Rxb7 Qg5 27. Qh8+ Ke7 28. Rxc7+ Kd6 29. Qf8+ Kxc7 30. Qc5+ Kd8 31. Qd6+ Kc8 32. Qxa6+ Kd8 33. Qd6+ Kc8 34. Qa6+ Kc7 35. Qxe2 Qc1+ 36. Qd1 Qe3+ 37. Kh1 Qxc3 38. Bb3 Qb4 39. Qc2+ Kb6 40. Qd1 Ka7 41. h3 g5 42. Qd3 h5 43. Bxd5 h4 44. Qe3 f5 45. Bb3 f4 46. Qf2 g4 47. d5+ Ka6 48. hxg4 h3 49. Qe2+ Ka7 50. gxh3 Qa5 51. Qf2+ Qb6 52. h4 Kb7 53. Qxb6+ Ka8 54. Kg2 1/2-1/2


[Site "https://www.chess.com"]

[Event "Titled Tuesday Blitz August 16 Late 2022"]
[White "Romanchuk, Viktor"]
[Black "Ferreira, Vitor Hugo Vieira"]
[WhiteFideId "14109271"]
[BlackFideId "2119765"]
[WhiteElo "2242"]
[BlackElo "2168"]
[Result "0-1"]
[Round "06"]
[TimeControl "180+1"]
[Date "2022.08.18"]
[WhiteClock "0:00:00"]
[BlackClock "0:00:00"]

1. d4 d5 2. c4 c6 3. Nc3 Nf6 4. e3 e6 5. Nf3 Nbd7 6. Qc2 Bd6 7. Bd2 O-O 8. O-O-O Re8 9. e4 e5 10. exd5 cxd5 11. cxd5 e4 12. Ng5 Nb6 13. Bb5 Re7 14. Rde1 Bf5 15. f3 e3 16. Qxf5 exd2+ 17. Kxd2 Rxe1 18. Rxe1 h6 19. Nge4 Nfxd5 20. Bd3 Bf4+ 21. Ke2 g6 22. Qh3 Nxc3+ 23. bxc3 h5 24. g3 Bh6 25. g4 h4 26. Kf1 Nd5 27. Qg2 Ne3+ 28. Rxe3 Bxe3 29. g5 Kg7 30. Qg4 Qd5 31. Qxh4 Rh8 32. Qg3 Qf5 33. h4 Qf4 34. Qh3 Rxh4 35. Qg2 Rh2 36. Qg4 Rh1+ 0-1


[Site "https://www.chess.com"]

[Event "Titled Tuesday Blitz August 16 Late 2022"]
[White "Sailer, Mike"]
[Black "Vargas, Mauricio"]
[WhiteFideId "2012901"]
[BlackFideId "4404572"]
[WhiteElo "2109"]
[BlackElo "2004"]
[Result "1-0"]
[Round "06"]
[TimeControl "180+1"]
[Date "2022.08.18"]
[WhiteClock "0:00:00"]
[BlackClock "0:00:00"]

1. d4 d5 2. Nc3 c6 3. Bf4 Nd7 4. Qd2 h5 5. f3 f6 6. e4 g5 7. Be3 Nb6 8. Bd3 Be6 9. exd5 Nxd5 10. Bg6+ Bf7 11. Bxf7+ Kxf7 12. Nxd5 Qxd5 13. Ne2 Rd8 14. Nc3 Qa5 15. O-O-O Nh6 16. Kb1 Nf5 17. Bf2 e6 18. h4 g4 19. fxg4 hxg4 20. h5 Bh6 21. Qd3 g3 22. Bxg3 Rxd4 23. Qf3 Rhd8 24. Rxd4 Rxd4 25. Bf2 Rd5 26. Nxd5 cxd5 27. Qg4 1-0


[Site "https://www.chess.com"]

[Event "Titled Tuesday Blitz August 16 Late 2022"]
[White "Shapiro, Daniel"]
[Black "Goncalves, Davi Sulzbacher"]
[WhiteFideId "2001780"]
[BlackFideId "2154510"]
[WhiteElo "2284"]
[BlackElo "2107"]
[Result "0-1"]
[Round "06"]
[TimeControl "180+1"]
[Date "2022.08.18"]
[WhiteClock "0:00:00"]
[BlackClock "0:00:00"]

1. d4 g6 2. e4 Bg7 3. Nc3 b6 4. Be3 Bb7 5. f3 e6 6. Qd2 d6 7. O-O-O Nd7 8. h4 h6 9. g4 h5 10. Qf2 hxg4 11. fxg4 Ngf6 12. Qg2 Qe7 13. Bd3 O-O-O 14. Nf3 Kb8 15. Rdf1 Rdf8 16. Ng5 Nh7 17. Qg3 Nxg5 18. Bxg5 Qe8 19. Be3 e5 20. d5 Qe7 21. g5 f6 22. gxf6 Bxf6 23. Bg5 Bxg5+ 24. hxg5 Rxf1+ 25. Rxf1 Rh5 26. Rg1 a6 27. a4 Nc5 28. Be2 Rh7 29. Rf1 Ka7 30. Rf6 Rh1+ 31. Kd2 Qe8 32. Qf3 Rh8 33. b3 Bc8 34. Nd1 Rh3 35. Qg2 Qh8 36. Nf2 Rh2 37. Qf3 Qh4 38. Nd3 Nxe4+ 39. Kc1 Nc3 40. Bf1 Qd4 41. Rxg6 e4 42. Qf4 Rh1 43. Kb2 Nxa4+ 0-1


[Site "https://www.chess.com"]

[Event "Titled Tuesday Blitz August 16 Late 2022"]
[White "Silvestre, Christian"]
[Black "Uskov, Artem"]
[WhiteFideId "30956269"]
[BlackFideId "34254854"]
[WhiteElo "1942"]
[BlackElo "2335"]
[Result "0-1"]
[Round "06"]
[TimeControl "180+1"]
[Date "2022.08.18"]
[WhiteClock "0:00:00"]
[BlackClock "0:00:00"]

1. Nf3 Nf6 2. g3 g6 3. Bg2 Bg7 4. O-O O-O 5. d3 d6 6. c4 c5 7. Nc3 Nbd7 8. Rb1 a6 9. a3 Ne8 10. Bd2 Nc7 11. b4 Rb8 12. b5 a5 13. a4 b6 14. Qb3 Bb7 15. e4 e6 16. Ne1 Nf6 17. f4 d5 18. cxd5 exd5 19. e5 Nfe8 20. Nf3 d4 21. Ne4 Bd5 22. Qc2 f5 23. exf6 Nxf6 24. Nxf6+ Bxf6 25. Ne5 Bxg2 26. Kxg2 Bxe5 27. fxe5 Qd5+ 28. Kh3 Ne6 29. Bf4 g5 30. Bd2 Rxf1 31. Rxf1 Qxe5 32. Re1 Qf5+ 33. Kg2 Rf8 34. Bc1 Nc7 35. Qa2+ Nd5 36. Qe2 g4 37. Qe6+ Qxe6 38. Rxe6 Rf6 39. Re8+ Kf7 40. Rd8 Nb4 41. Rd7+ Ke6 42. Rxh7 Nxd3 43. Bg5 Rg6 44. Bd2 c4 45. Rb7 Kd5 46. Rd7+ Rd6 47. Rg7 c3 48. Bf4 Nxf4+ 49. gxf4 c2 50. Rc7 d3 51. Kf2 d2 0-1


[Site "https://www.chess.com"]

[Event "Titled Tuesday Blitz August 16 Late 2022"]
[White "Solon, Nathan"]
[Black "Mihajlov, Sebastian"]
[WhiteFideId "2017229"]
[BlackFideId "1512110"]
[WhiteElo "2306"]
[BlackElo "2464"]
[Result "1-0"]
[Round "06"]
[TimeControl "180+1"]
[Date "2022.08.18"]
[WhiteClock "0:00:00"]
[BlackClock "0:00:00"]

1. e4 e6 2. d3 d5 3. Nd2 Nc6 4. Ngf3 e5 5. exd5 Qxd5 6. g3 Nf6 7. Bg2 Bc5 8. O-O O-O 9. Nc4 e4 10. Ng5 Bf5 11. dxe4 Qxc4 12. exf5 Rad8 13. Qf3 Nd4 14. Qxb7 Ne2+ 15. Kh1 Ng4 16. Ne4 Bb6 17. h3 Nxf2+ 18. Nxf2 Nxg3+ 19. Kg1 Nxf1 20. Bxf1 Rd1 21. Qg2 Re8 22. Bh6 Bxf2+ 23. Kh2 Bg3+ 24. Qxg3 Qxc2+ 25. Bg2 g6 26. Rxd1 Qxd1 27. Qc3 1-0


[Site "https://www.chess.com"]

[Event "Titled Tuesday Blitz August 16 Late 2022"]
[White "Sourath Biswas"]
[Black "Buchenau, Frank"]
[WhiteFideId "35091484"]
[BlackFideId "4604350"]
[WhiteElo "1777"]
[BlackElo "2157"]
[Result "0-1"]
[Round "06"]
[TimeControl "180+1"]
[Date "2022.08.18"]
[WhiteClock "0:00:00"]
[BlackClock "0:00:00"]

1. d4 e6 2. Bf4 Nf6 3. e3 d5 4. Nf3 c5 5. c3 Nc6 6. Nbd2 Bd6 7. Bg3 O-O 8. Bd3 b6 9. e4 Be7 10. e5 Nh5 11. Ng5 Bxg5 12. Qxh5 g6 13. Qe2 cxd4 14. h4 Bxd2+ 15. Qxd2 dxc3 16. bxc3 d4 17. c4 Qe7 18. Be4 Bb7 19. h5 g5 20. O-O Na5 21. Qxd4 Rfd8 22. Qe3 Nxc4 23. Qe2 Bxe4 24. Qxe4 Nd2 25. Qg4 Nxf1 26. Rxf1 h6 27. f4 Rd4 28. Qf3 Rad8 29. f5 Rd3 30. Qg4 R8d4 31. Rf4 Rxg3 0-1


[Site "https://www.chess.com"]

[Event "Titled Tuesday Blitz August 16 Late 2022"]
[White "Stanisz, Patryk"]
[Black "Proudian, Armen"]
[WhiteFideId "1123106"]
[BlackFideId "2130734"]
[WhiteElo "1833"]
[BlackElo "2380"]
[Result "0-1"]
[Round "06"]
[TimeControl "180+1"]
[Date "2022.08.18"]
[WhiteClock "0:00:00"]
[BlackClock "0:00:00"]

1. d4 Nf6 2. c3 d5 3. Nf3 c5 4. Bf4 cxd4 5. cxd4 Nc6 6. e3 Bf5 7. Nc3 e6 8. Bd3 Bxd3 9. Qxd3 Bb4 10. O-O Bxc3 11. bxc3 O-O 12. c4 Na5 13. c5 Nc4 14. Ne5 Nxe5 15. Bxe5 Nd7 16. Bd6 Re8 17. Bg3 Rc8 18. Rfb1 b6 19. cxb6 Nxb6 20. Qa6 Qd7 21. h3 Rc4 22. a4 Rxa4 23. Rxa4 Qxa4 24. Qxa4 Nxa4 25. Ra1 Nc3 26. Rxa7 h5 27. Bh4 f6 28. Rc7 Ne4 29. f3 Nd2 30. Bg3 Nc4 31. e4 Rd8 32. exd5 exd5 33. Rb7 Ne3 34. Rb8 Rxb8 35. Bxb8 Nc2 36. Ba7 Kf7 37. Kf2 Ke6 38. Ke2 h4 39. Bc5 Na1 40. Kd3 Nb3 41. Bb4 Kf5 42. Be1 g5 43. g3 hxg3 44. Bxg3 Na5 45. h4 g4 46. fxg4+ Kxg4 47. Bf2 f5 48. Kc3 Nc6 49. Kb3 f4 50. Ka4 Kf3 51. Be1 Nxd4 52. h5 Nf5 53. Kb5 Ke2 54. Bb4 f3 55. h6 Nxh6 56. Bc5 Nf5 57. Kc6 d4 58. Kd5 f2 0-1


[Site "https://www.chess.com"]